AoeStats
← Barón de la Cerveza

Arena

505351808Analyzed
1v1 RM · 24d ago on Sep 9, 2026· 39m 35s· 2 players
Game mode
Random Map
Map size
Tiny (2 player)
Population
200
Speed
Normal
Resources
Standard
Victory
Conquest
Starting age
Dark Age
Ending age
Imperial Age
RankedLock teamsTeams togetherTeam positionsShared explorationLock speedFull tech treeHidden civsTurbo modeCheats
Victory
Defeat
🇲🇽 Celts · Mexico
1854
+11
🇲🇽 Saracens · Mexico
1749
-11
Mike
10:54 Feudal Age
14:42 Castle Age
13:14 Double-Bit Axe
14:01 Stone Mining
15:37 Bow Saw
16:00 Horse Collar
18:58 Gold Mining
23:02 Husbandry
26:11 Scale Barding Armor
27:59 Forging
28:12 Loom
29:06 Wheelbarrow
31:20 Heavy Plow
34:44 Imperial Age
35:30 Gold Shaft Mining
34:24 Light Cavalry
35:14 Bloodlines
35:53 Chain Barding Armor
35:47 Hussar
38:16 Fletching
38:28 Padded Archer Armor
Barón de la Cerveza
9:57 Feudal Age
13:47 Castle Age
12:04 Double-Bit Axe
12:20 Horse Collar
14:49 Bow Saw
14:40 Heavy Plow
24:41 Wheelbarrow
24:51 Scale Mail Armor
26:57 Loom
28:17 Fletching
33:02 Imperial Age
33:51 Ballistics
33:42 Masonry
33:07 Heavy Scorpion
34:55 Chemistry
34:37 Hand Cart
34:45 Conscription
35:39 Furor Celtica
35:22 Capped Ram
36:05 Pikeman
37:02 Chain Mail Armor
37:11 Siege Ram
40:06 Plate Mail Armor
39:47 Forging
Connection lost

Rejoining the realm…

Still unreachable

The connection could not be restored.

Session expired

The server has moved on; the page needs a fresh start.